 Dungeon Crawl Stone Soup version 0.30-a0-272-gf98c3da03f (webtiles) character file.

Game seed: 17520671504068990390

42 freelancePsychic the Cudgeller (level 3, -4/27 HPs)
             Began as a Draconian Reaver on Oct 16, 2022.
             Was a Follower of Hepliaklqana.
             Splashed by a jelly's acid (9 damage)
             ... on level 2 of the Dungeon.
             The game lasted 00:01:24 (909 turns).

freelancePsychic the Cudgeller (Draconian Reaver)    Turns: 909, Time: 00:01:24

Health: -4/27      AC:  5    Str: 14    XL:     3   Next: 35%
Magic:  6/6        EV: 12    Int: 13    God:    Hepliaklqana [*.....]
Gold:   37         SH:  0    Dex: 11    Spells: 5/6 levels left

rFire   . . .      SeeInvis .    a - +0 mace
rCold   . . .      Faith    .    (no shield)
rNeg    . . .      Spirit   .    (body armour unavailable)
rPois   .          Reflect  .    (helmet restricted)
rElec   .          Harm     .    (no cloak)
rCorr   .          Rampage  .    (no gloves)
Will    .....                    (no boots)
Stlth   +.........               (no amulet)
HPRegen 0.24/turn                (no ring)
MPRegen 0.10/turn                (no ring)

@: no status effects
A: reduced essence, AC +5, unfitting armour, cold-blooded
a: Renounce Religion, Recall Ancestor, Ancestor Identity


You were on level 2 of the Dungeon.
You worshipped Hepliaklqana.
Hepliaklqana was aware of your devotion.
You visited 1 branch of the dungeon, and saw 2 of its levels.

You collected 37 gold pieces.

Inventory:

Hand Weapons
 a - a +0 mace (weapon)
Jewellery
 b - a ring of wizardry
Potions
 c - a potion of flight {unknown}
 d - a potion of curing {unknown}


   Skills:
 + Level 3.0 Fighting
 + Level 3.5 Maces & Flails
 - Level 1.7 Dodging
 - Level 2.0 Spellcasting
 - Level 3.2 Conjurations
 - Level 1.1 Translocations


You had 5 spell levels left.
You knew the following spells:

 Your Spells              Type           Power      Damage    Failure   Level
a - Kiss of Death         Conj/Necr      20%        2d7       13%         1

Your spell library contained the following spells:

 Spells                   Type           Power      Damage    Failure   Level
 Momentum Strike          Conj/Tloc      14%        3d8       16%         2
 Freeze                   Ice            4%         1d3       26%         1
 Hailstorm                Conj/Ice       5%         3d4       36%         3
 Frozen Ramparts          Ice            2%         1d1       58%         3


Dungeon Overview and Level Annotations

Branches:
Dungeon (2/15)

Altars:
Hepliaklqana


Innate Abilities, Weirdness & Mutations

Your life essence is reduced to manifest your ancestor. (-10% HP)
Your plain brown scales are hard. (AC +5)
You cannot fit into any form of body armour.
You are cold-blooded and may be slowed by cold attacks.


Message History

No target in view!
No target in view!
No target in view!
No target in view!
No target in view!
No target in view!
The endoplasm quivers.
There is an open door here.
There are monsters nearby!
There are monsters nearby!
The jelly quivers.
The endoplasm freezes you.
You are frozen.
You feel yourself slow down. The endoplasm misses you.
You hit the endoplasm.
You kill the endoplasm!
The endoplasm barely misses you. The endoplasm closely misses you.
The endoplasm barely misses you.
You thump the endoplasm!
You kill the endoplasm!
You feel yourself speed up. The endoplasm freezes you.
You are frozen.
Manelesi hits the endoplasm.
The endoplasm misses you.
Manelesi hits the endoplasm.
You thump the endoplasm!
You kill the endoplasm!
The jelly completely misses you.
Manelesi hits the jelly.
Manelesi is burned by acid!
Your Fighting skill increases to level 3!
You hit the jelly.
Your hands burn!
The jelly is moderately wounded.
The jelly hits you.
You are splashed with acid!
* * * LOW HITPOINT WARNING * * *
The endoplasm hits Manelesi.
Manelesi hits the jelly.
Manelesi is burned by acid!
The jelly hits you.
* * * LOW HITPOINT WARNING * * *
You are splashed with acid!
You die...

###########
#.P......)#
#..÷......#
#.........#
#...J.....#
#..RJ..÷..#
#..@......#
##'########
##...)..##
########.#
#....'..##
#....####
#.......#
#.......#
#.......#


You could see the friendly Manelesi the ancestor, a jelly (ally target) and an
endoplasm.

Vanquished Creatures
  2 dart slugs (D:1)
  5 endoplasms (D:2)
  A giant cockroach (D:1)
  A hobgoblin (D:1)
  2 jackals (D:1)
  6 kobolds
  2 quokkas (D:1)
  4 ball pythons (D:1)
  2 bats (D:1)
  A frilled lizard (D:1)
  A goblin (D:1)
  2 rats (D:1)
29 creatures vanquished.

Vanquished Creatures (collateral kills)
  3 endoplasms (D:2)
  2 kobolds (D:2)
5 creatures vanquished.

Vanquished Creatures (others)
  2 ancestors (D:2)
  5 fungi (D:2)
  11 toadstools (D:2)
18 creatures vanquished.

Grand Total: 52 creatures vanquished

Notes
Turn   | Place    | Note
-------+----------+-------------------------------------------
     0 | D:1      | freelancePsychic the Draconian Reaver began the quest for
                  | the Orb.
     0 | D:1      | Reached XP level 1. HP: 17/17 MP: 3/3
    65 | D:1      | Found a faded altar of an unknown god.
    84 | D:1      | Prayed at the altar of an unknown god.
    84 | D:1      | Became a worshipper of Hepliaklqana the Forgotten
    84 | D:1      | Reached * piety under Hepliaklqana
   142 | D:1      | Reached XP level 2. HP: 22/22 MP: 5/5
   514 | D:1      | Reached skill level 1 in Translocations
   807 | D:2      | Reached XP level 3. HP: 19/27 MP: 6/6
   909 | D:2      | Splashed by a jelly's acid

Illustrated notes

Levels and vault maps discovered:
D:1:      spicycebolla_green_bress_n_ham_2, layout_loops_ring,
          dreamdust_ecumenical_altar_statues
D:2:      cheibrodos_fertilizer, layout_rooms

Skill      XL: |  1  2  3 |
---------------+----------+-----
Translocations | 1 |  1.1
Fighting       | 3 |  3.0
Maces & Flails | |  3.5
Dodging        | |  1.7
Spellcasting   | |  2.0
Conjurations   | |  3.2

Action                   || total
-------------------------++-------
Melee: Mace              ||    68
       Tailslap          ||     8
  Use: Scroll            ||     1
 Stab: Sleeping          ||     1
Armor: Skin              ||    20
Dodge: Dodged            ||    68

Table legend: (Time is in decaauts)
 A = Elapsed time spent in this place.
 B = Non-inter-level travel time spent in this place.
 C = Inter-level travel time spent in this place.
 D = Time resting spent in this place.
 E = Time spent auto-exploring this place.
 F = Levels seen in this place.
 G = Mean time per level.
                   A        B        C        D        E       F      G
               +--------+--------+--------+--------+--------+-----+--------+
         Total |    930 |    862 |     68 |     57 |    614 |   2 |  465.0 |
       Dungeon |    930 |    862 |     68 |     57 |    614 |   2 |  465.0 |
               +--------+--------+--------+--------+--------+-----+--------+

Top non-repeatable levels by time:
     D:1: 789 daAuts
     D:2: 140 daAuts
